 Dungeon Sprint DCSS version 0.16.1-28-gcc2312f (webtiles) character file.

17 Kidiri the Caller (level 2, 0/15 HPs)
             Began as a Deep Elf Summoner on May 29, 2015.
             Was an Initiate of Sif Muna.
             Succumbed to a worker ant's poison
             ... in the Dungeon (Sprint VII: "The Pits").
             The game lasted 00:02:16 (144 turns).

Kidiri the Caller (Deep Elf Summoner)                Turns: 144, Time: 00:02:16

Health: 0/15       AC:  2    Str:  5    XL:     2   Next: 44%
Magic:  1/11       EV: 13    Int: 19    God:    Sif Muna [......]
Gold:   0          SH:  0    Dex: 15    Spells: 1 memorised, 10 levels left

rFire  . . .     SeeInvis .     j - +2 dagger
rCold  . . .     Clarity  .     a - +0 robe
rNeg   . . .     SustAb   .     (no shield)
rPois  .         Gourm    .     (no helmet)
rElec  .         Spirit   .     (no cloak)
rCorr  .         Warding  .     (no gloves)
rMut   .         NoTele   +     (no boots)
MR     .....                    (no amulet)
Stlth  ++........               (no ring)
                                (no ring)

@: lethally poisoned (0 -> -6), very slightly contaminated, not resistant to
hostile enchantments, unstealthy
A: no striking features
a: Renounce Religion


You were in the Dungeon.
You worshipped Sif Muna.
Sif Muna was noncommittal.
You were not hungry.

You visited 1 branch

Inventory:

Hand weapons
 j - a +2 dagger (weapon)
Armour
 a - a +0 robe (worn)
Scrolls
 n - 3 scrolls of remove curse
 o - 5 scrolls of amnesia
Potions
 f - a potion of haste
 g - 4 potions of magic
 h - 3 potions of berserk rage
 m - 2 potions of invisibility
Books
 b - a book of Callings

   Spells                             Type                      Level
   a - Summon Small Mammal            Summoning                    1
   b - Call Imp                       Summoning                    2
   c - Call Canine Familiar           Summoning                    3
   d - Summon Guardian Golem          Hexes/Summoning              4
   e - Summon Lightning Spire         Summoning/Air                4
   f - Summon Ice Beast               Ice/Summoning                4
Comestibles
 c - 8 bread rations
 k - 40 fruits
 l - 7 meat rations


   Skills:
 - Level 2.4 Dodging
 - Level 2.4 Stealth
 + Level 5.4 Spellcasting
 + Level 5.9 Summonings


You had 10 spell levels left.
You knew the following spells:

 Your Spells              Type           Power        Failure   Level  Hunger
a - Summon Small Mammal   Summ           ####         1%          1    None


Dungeon Overview and Level Annotations

Branches:
Dungeon (1/1)

Altars:
Ashenzari
Cheibriados
Dithmenos
Elyvilon
Fedhas
Gozag
Kikubaaqudgha
Makhleb
Nemelex Xobeh
Okawaru
Qazlal
Ru
Sif Muna
Trog
Vehumet
Xom
Yredelemnul
Zin
The Shining One
Beogh
Jiyva
Lugonu


Message History

Wisps of shadow whirl around you...
You feel sick. The worker ant bites you.
Ouch! That really hurt!
* * * LOW HITPOINT WARNING * * *
The jackal stops to sniff the ground.
The worker ant bites your small abomination.
Your small abomination hits the worker ant!
The worker ant dies!
Your Spellcasting skill increases to level 5!
You have reached level 2!
What do you say? t - Shout!
Orders for allies: a - Attack new target. r - Retreat! s - Stop attacking. w - Wait here. f - Follow me.
Anything else - Stay silent.
Gang up on whom?
Press: ? - help, Dir - move target cursor, f - jackal
Aim: a jackal Attack!
You die...

############ #__________#
#__________#
#.#####'##############++
#_#.))'.'..##...........
#_#)))#.#?(##......#..#.
#######'#####x@..........
#......††hh.h............
#+#####'#####......#..#..
#.b#..# #............
#..hh.# ####'#####++#
#..#### #.......# #..
#.......# #. #.......# #
#...<...#


You could see 3 jackals and a friendly small abomination.

Vanquished Creatures (collateral kills)
  A worker ant (D)
  A giant mite (D)
  A ball python (D)
  3 jackals (D)
6 creatures vanquished.

Vanquished Creatures (others)
  2 bats (D)
  5 quokkas (D)
  2 rats (D)
9 creatures vanquished.

Grand Total: 15 creatures vanquished

Notes
Turn   | Place    | Note
--------------------------------------------------------------
     0 | D        | Kidiri, the Deep Elf Summoner, began the quest for the Orb.
     0 | D        | Reached XP level 1. HP: 10/10 MP: 5/5
    23 | D        | Reached skill level 5 in Summonings
    58 | D        | Found a sacrificial altar of Ru.
    58 | D        | Found a basalt altar of Yredelemnul.
    58 | D        | Found a shadowy altar of Dithmenos.
    58 | D        | Found a deep blue altar of Sif Muna.
    58 | D        | Found a burning altar of Makhleb.
    58 | D        | Found a shimmering altar of Xom.
    58 | D        | Found an ancient bone altar of Kikubaaqudgha.
    58 | D        | Found a sparkling altar of Nemelex Xobeh.
    59 | D        | Found a glowing golden altar of the Shining One.
    59 | D        | Found a bloodstained altar of Trog.
    59 | D        | Found a shattered altar of Ashenzari.
    59 | D        | Found a white marble altar of Elyvilon.
    59 | D        | Found a snail-covered altar of Cheibriados.
    59 | D        | Found a blossoming altar of Fedhas.
    59 | D        | Found a radiant altar of Vehumet.
    59 | D        | Found a glowing silver altar of Zin.
    59 | D        | Found a corrupted altar of Lugonu.
    59 | D        | Found a viscous altar of Jiyva.
    59 | D        | Found a roughly hewn altar of Beogh.
    59 | D        | Found an iron altar of Okawaru.
    62 | D        | Became a worshipper of Sif Muna the Loreminder
    66 | D        | Found a stormy altar of Qazlal.
    67 | D        | Found an opulent altar of Gozag.
   123 | D        | Noticed a worker ant
   143 | D        | Killed a worker ant
   143 | D        | Reached skill level 5 in Spellcasting
   143 | D        | Reached XP level 2. HP: 1/15 MP: 1/11
   144 | D        | Succumbed to a worker ant's poison

Action                   || total
-------------------------++-------
 Cast: Summon Small Mamm ||    15
  Use: Scroll            ||     2
       Potion            ||     2
